Map: Abyssal Reef LE

Players

BIGFLLA - Winner!

  • Race: Protoss Protoss
  • League: Silver
  • Spawn Location: 5:00

A.I. 1 (Medium)

  • Race: Protoss Protoss
  • Spawn Location: 11:00

VOD

Have the link to the VOD?

Description

Time

  • Played on: March 20, 2017, 11:15 p.m.
  • Length: 11:48
Show
View Real Time Build Order
Export as new Build Order

BIGFLLA Protoss - Winner!

Build Orders: 1 Gate Expand, Double Forge 

Get SALT Encoding   

  12  0:00  Probe (Chrono Boost)  
  13  0:11  Probe (Chrono Boost)  
  14  0:18  Pylon  
  14  0:22  Probe (Chrono Boost)  
  15  0:36  Probe (Chrono Boost)  
  15  0:39  Gateway  
  16  0:46  Probe (Chrono Boost)  
  16  0:47  Assimilator  
  18  0:57  Probe (Chrono Boost)  
  18  1:10  Probe (Chrono Boost)  
  19  1:24  Nexus  
  19  1:27  Probe (Chrono Boost)  
  20  1:37  Probe (Chrono Boost)  
  21  1:40  Cybernetics Core  
  21  1:43  Assimilator  
  21  1:48  Probe (Chrono Boost)  
  21  1:51  Pylon  
  22  1:58  Probe (Chrono Boost)  
  23  2:09  Probe (Chrono Boost)  
  24  2:18  Warp Gate  
  24  2:19  Twilight Council  
  24  2:21  Gateway  
  24  2:24  Probe (Chrono Boost)  
  25  2:35  Probe (Chrono Boost)  
  26  2:38  Pylon  
  26  2:42  Probe (Chrono Boost)  
  27  2:45  Probe (Chrono Boost)  
  28  2:51  Resonating Glaives  
  28  2:52  Probe (Chrono Boost)  
  28  2:56  Probe (Chrono Boost)  
  29  2:59  Sentry  
  29  3:04  Probe (Chrono Boost)  
  32  3:08  Adept, Probe (Chrono Boost)  
  35  3:16  Probe (Chrono Boost)  
  37  3:21  Probe (Chrono Boost)  
  38  3:28  Probe (Chrono Boost)  
  38  3:29  Robotics Facility  
  38  3:33  Probe (Chrono Boost)  
  39  3:36  Pylon  
  39  3:40  Probe (Chrono Boost)  
  40  3:41  Adept  
  40  3:45  Probe (Chrono Boost)  
  40  3:46  Adept  
  45  3:49  Assimilator  
  45  3:52  Probe (Chrono Boost)  
  46  3:57  Pylon, Probe (Chrono Boost)  
  46  3:59  Gateway  
  47  4:04  Probe (Chrono Boost)  
  47  4:09  Probe (Chrono Boost), Sentry  
  51  4:13  Adept  
  51  4:14  Assimilator  
  51  4:16  Probe (Chrono Boost)  
  54  4:20  Observer  
  54  4:22  Probe (Chrono Boost)  
  56  4:28  Pylon  
  56  4:29  Probe (Chrono Boost)  
  57  4:34  Probe (Chrono Boost)  
  57  4:37  Immortal  
  57  4:38  Adept  
  60  4:40  Probe (Chrono Boost)  
  66  4:46  Probe (Chrono Boost)  
  66  4:51  Probe (Chrono Boost)  
  67  4:54  Pylon  
  67  4:58  Forge  
  67  4:59  Forge  
  67  5:06  Gateway  
  67  5:07  Pylon  
  67  5:10  Probe (Chrono Boost)  
  67  5:11  Probe (Chrono Boost)  
  67  5:13  Pylon, Adept  
  71  5:15  Adept  
  73  5:48  Immortal  
  71  5:54  Probe (Chrono Boost)  
  71  5:56  Probe (Chrono Boost)  
  75  5:57  Nexus  
  75  6:00  Assimilator  
  75  6:03  Assimilator  
  75  6:04  Sentry x2  
  75  6:06  Sentry  
  75  6:07  Pylon  
  75  6:10  Pylon  
  75  6:13  Pylon  
  75  6:20  Probe (Chrono Boost)  
  75  6:21  Probe (Chrono Boost)  
  77  6:25  Protoss Ground Armor Level 1, Protoss Ground Weapons Level 1, Immortal  
  81  7:05  Immortal  
  81  7:07  Nexus  
  85  7:09  Assimilator  
  85  7:12  Assimilator  
  85  7:15  Pylon  
  85  7:18  Pylon  
  85  7:28  Probe (Chrono Boost)  
  85  7:29  Probe x2 (Chrono Boost)  
  88  7:38  Stalker x2  
  88  7:39  Stalker  
  98  7:44  Immortal  
  98  7:48  Blink  
  98  8:05  Protoss Shields Level 1  
  98  8:08  Protoss Ground Armor Level 2  
  98  8:17  Stalker x3  
  104  8:23  Immortal  
  108  8:32  Probe x3 (Chrono Boost)  
  111  8:35  Probe (Chrono Boost)  
  112  8:46  Gateway  
  112  8:47  Gateway  
  112  8:49  Gateway  
  112  8:50  Gateway  
  112  8:52  Gateway  
  112  8:53  Gateway  
  112  8:55  Gateway  
  112  8:57  Probe (Chrono Boost)  
  112  8:58  Probe x3 (Chrono Boost), Gateway  
  112  8:59  Gateway  
  112  9:00  Gateway  
  117  9:02  Observer  
  117  9:23  Warp Prism  
  119  9:56  Probe (Chrono Boost)  
  119  9:58  Probe x3 (Chrono Boost)  
  119  9:59  Immortal  
  123  10:39  Immortal  
  127  11:00  Adept x4  
  127  11:01  Adept x9  
Show
View Real Time Build Order
Export as new Build Order

A.I. 1 (Medium) Protoss 

Build Orders: 1 Gate Expand 

Get SALT Encoding   

  12  0:01  Probe (Chrono Boost)  
  13  0:11  Probe (Chrono Boost)  
  14  0:19  Pylon  
  14  0:22  Probe (Chrono Boost)  
  15  0:37  Probe (Chrono Boost)  
  15  0:39  Gateway  
  16  0:48  Probe (Chrono Boost)  
  17  1:12  Nexus, Probe (Chrono Boost)  
  18  1:26  Zealot  
  18  1:28  Pylon  
  18  1:30  Assimilator  
  20  1:40  Cybernetics Core  
  20  1:42  Probe (Chrono Boost)  
  22  1:55  Probe (Chrono Boost)  
  22  2:06  Probe (Chrono Boost), Gateway  
  23  2:12  Assimilator  
  23  2:14  Stalker  
  23  2:20  Pylon  
  23  2:22  Probe (Chrono Boost)  
  26  2:24  Warp Gate  
  26  2:33  Probe (Chrono Boost)  
  27  2:42  Zealot  
  27  2:50  Probe (Chrono Boost)  
  30  2:56  Stalker  
  32  3:12  Assimilator  
  32  3:15  Stalker  
  34  3:24  Probe (Chrono Boost)  
  35  3:28  Probe (Chrono Boost)  
  36  3:36  Probe (Chrono Boost), Stalker  
  36  3:40  Probe (Chrono Boost)  
  41  3:48  Probe (Chrono Boost)  
  41  3:51  Probe (Chrono Boost)  
  42  3:56  Pylon, Sentry  
  42  3:59  Probe (Chrono Boost)  
  42  4:02  Probe (Chrono Boost)  
  46  4:11  Probe (Chrono Boost)  
  46  4:13  Probe (Chrono Boost)  
  46  4:14  Adept  
  50  4:22  Probe (Chrono Boost)  
  51  4:25  Pylon  
  51  4:27  Probe (Chrono Boost)  
  52  4:33  Probe (Chrono Boost)  
  52  4:35  Zealot  
  52  4:38  Probe (Chrono Boost)  
  56  4:45  Probe (Chrono Boost)  
  57  4:51  Pylon, Probe (Chrono Boost)  
  58  4:54  Stalker  
  58  4:56  Probe (Chrono Boost)  
  61  5:02  Probe (Chrono Boost)  
  62  5:10  Probe (Chrono Boost)  
  62  5:11  Robotics Facility  
  62  5:14  Stalker  
  65  5:19  Pylon, Probe (Chrono Boost)  
  66  5:22  Probe (Chrono Boost)  
  61  5:30  Probe (Chrono Boost)  
  61  5:33  Stalker  
  61  5:34  Probe (Chrono Boost)  
  57  5:41  Probe (Chrono Boost)  
  56  5:45  Probe (Chrono Boost)  
  42  5:53  Probe (Chrono Boost), Stalker  
  42  5:55  Probe (Chrono Boost)  
  33  5:58  Observer  
  32  6:04  Probe (Chrono Boost)  
  32  6:06  Probe (Chrono Boost)  
  33  6:12  Stalker  
  33  6:15  Probe (Chrono Boost)  
  37  6:19  Observer, Probe (Chrono Boost)  
  38  6:27  Probe (Chrono Boost)  
  38  6:31  Probe (Chrono Boost)  
  38  6:32  Sentry  
  42  6:38  Probe (Chrono Boost)  
  42  6:42  Probe (Chrono Boost)  
  43  6:49  Probe (Chrono Boost)  
  43  6:51  Zealot  
  43  6:53  Probe (Chrono Boost)  
  47  7:00  Probe (Chrono Boost)  
  48  7:04  Probe (Chrono Boost)  
  49  7:10  Adept  
  49  7:11  Probe (Chrono Boost), Forge  
  53  7:15  Probe (Chrono Boost)  
  53  7:22  Probe (Chrono Boost)  
  54  7:27  Probe (Chrono Boost)  
  54  7:29  Adept  
  57  7:33  Probe (Chrono Boost)  
  58  7:37  Probe (Chrono Boost)  
  60  7:44  Probe (Chrono Boost)  
  60  7:48  Photon Cannon  
  60  7:49  Zealot, Probe (Chrono Boost)  
  63  7:55  Probe (Chrono Boost)  
  63  7:56  Photon Cannon  
  64  7:59  Probe (Chrono Boost)  
  64  8:04  Pylon  
  65  8:06  Probe (Chrono Boost)  
  65  8:08  Zealot  
  65  8:11  Probe (Chrono Boost)  
  69  8:13  Pylon  
  69  8:17  Probe (Chrono Boost)  
  70  8:22  Probe (Chrono Boost)  
  70  8:25  Stargate  
  71  8:27  Probe (Chrono Boost)  
  71  8:33  Probe (Chrono Boost)  
  73  8:36  Photon Cannon  
  73  8:38  Probe (Chrono Boost)  
  74  8:43  Probe (Chrono Boost)  
  74  8:45  Photon Cannon  
  76  8:48  Probe (Chrono Boost)  
  76  8:54  Twilight Council, Probe (Chrono Boost)  
  77  8:59  Probe (Chrono Boost)  
  78  9:04  Gateway  
  78  9:05  Probe (Chrono Boost)  
  78  9:09  Probe (Chrono Boost)  
  80  9:15  Probe (Chrono Boost)  
  81  9:47  Stalker x2  
  81  10:01  Warp Prism  
  81  10:06  Assimilator  
  79  10:17  Nexus, Pylon  
  57  10:21  Zealot  
  53  10:32  Stalker  
  53  10:35  Warp Prism  
  55  10:40  Zealot  
  55  10:41  Gateway  
  57  10:48  Zealot  
  52  10:55  Zealot  
  48  10:57  Nexus  
  27  11:10  Observer  
  26  11:15  Stalker  
  10  11:18  Probe (Chrono Boost)  
  5  11:30  Probe (Chrono Boost)  
Tags
 
Add a new tag
Caveats
  • Supply blocks, unpowered buildings, or Contaminate may cause inaccurate times.
  • Supply counts are checked every 10 seconds.